 Dungeon Crawl Stone Soup version 0.30-a0-1103-g25895a7845 (webtiles) character file.

Game seed: 13192203082669165624

63 jasper the Cudgeller (level 4, -1/44 HPs)
             Began as an Ogre Gladiator on Apr 18, 2023.
             Succumbed to an adder's poison
             ... on level 3 of the Dungeon.
             The game lasted 00:02:17 (1359 turns).

jasper the Cudgeller (Ogre Gladiator)               Turns: 1359, Time: 00:02:18

Health: -1/44      AC:  3    Str: 20    XL:     4   Next: 10%
Magic:  4/4        EV: 10    Int:  9    God:
Gold:   54         SH:  0    Dex: 10    Spells: 3/3 levels left

rFire   . . .      SeeInvis .    a - +0 flail
rCold   . . .      Faith    .    (no shield)
rNeg    . . .      Spirit   .    b - +0 robe
rPois   .          Reflect  .    c - +0 hat
rElec   .          Rampage  .    (no cloak)
rCorr   .                        (gloves unavailable)
Will    .....                    (boots unavailable)
Stlth   +                        (no amulet)
HPRegen 0.27/turn                (no ring)
MPRegen 0.09/turn                (no ring)

@: brilliant, lethally poisoned (-1 -> -8)
A: large, unfitting armour, tough skin 1
a: no special abilities


You were on level 3 of the Dungeon.
You visited 1 branch of the dungeon, and saw 3 of its levels.

You collected 54 gold pieces.

Inventory:

Hand Weapons
 a - a +0 flail (weapon)
Missiles
 d - 3 throwing nets (quivered)
 e - a large rock
 i - 2 poisoned darts
 k - 25 stones
Armour
 b - a +0 robe (worn)
 c - a +0 hat (worn)
Scrolls
 f - a scroll of immolation {unknown}
 g - a scroll of magic mapping {unknown}
 h - 3 scrolls of identify {unknown}
 j - a scroll of vulnerability {unknown}


   Skills:
 - Level 2.6 Fighting
 + Level 4.4 Maces & Flails
 - Level 2.0 Throwing
 - Level 2.6 Dodging


You had 3 spell levels left.
You didn't know any spells.
Your spell library contained the following spells:

 Spells                   Type           Power      Damage    Failure   Level
 Summon Small Mammal      Summ           0%         N/A       38%         1
 Cigotuvi's Dreadful Rot  Necr/Pois/Air  0%         N/A       52%         2
 Call Canine Familiar     Summ           0%         N/A       77%         3
 Summon Guardian Golem    Hex/Summ       0%         N/A       77%         3
 Dispel Undead            Necr           0%         3d6       99%         4
 Death Channel            Necr           0%         N/A       100%        6


Dungeon Overview and Level Annotations

Branches:
Dungeon (3/15)

Altars:

Shops:
D:1 !:[


Innate Abilities, Weirdness & Mutations

You are too large for most types of armour.
You have tough skin. (AC +1)


Message History

You closely miss the adder.
The adder is almost dead.
The adder bites you.
You are poisoned.
The adder poisons you!
You take 2 damage, and have 17/44 hp.
You barely miss the adder.
The adder is almost dead.
You feel sick. The adder barely misses you.
The adder bites you but does no damage.
You take 2 damage, and have 15/44 hp.
You miss the adder.
The adder is almost dead.
You feel sick. The adder bites you.
* * * LOW HITPOINT WARNING * * *
You are more poisoned.
The adder poisons you! The adder bites you.
* * * LOW HITPOINT WARNING * * *
You take 6 damage, and have 9/44 hp.
You closely miss the adder.
The adder is severely wounded.
You feel sick. The adder bites you but does no damage.
You take 2 damage, and have 7/44 hp.
You barely miss the adder.
The adder is severely wounded.
You feel sick. The adder bites you.
* * * LOW HITPOINT WARNING * * *
You are lethally poisoned!
The adder poisons you! The adder bites you.
* * * LOW HITPOINT WARNING * * *
You take 4 damage, and have 3/44 hp.
You hit the adder.
The adder is almost dead.
* * * LOW HITPOINT WARNING * * *
You feel sick. The adder bites you.
* * * LOW HITPOINT WARNING * * *
You take 2 damage, and have 1/44 hp.
It was a potion of brilliance.
You feel clever all of a sudden.
You die...

### .. #.. ... #.#
##.##... ##########.#
......
...........#######....#
.................#....#
#...........##.##....##
#.###.@...#............
#.....S)..#..#.##.#.###
#..#..#.#.#..........<.
#. #..#...#..#.##.####.
#..#......#.........
#..#...#..#..#.####.
..............>... ..
.#......#..#....####.
###.$..#..###..# ##


You could see an adder.

Vanquished Creatures
  2 adders (D:2)
  A dart slug (D:1)
  4 ball pythons (D:1)
  An endoplasm (D:1)
  2 giant cockroaches (D:1)
  A goblin (D:3)
  2 hobgoblins (D:1)
  10 kobolds (D:1)
  2 quokkas (D:1)
  6 bats
  9 rats
40 creatures vanquished.

Vanquished Creatures (others)
  13 plants (D:1)
13 creatures vanquished.

Grand Total: 53 creatures vanquished

Notes
Turn   | Place    | Note
-------+----------+-------------------------------------------
     0 | D:1      | jasper the Ogre Gladiator began the quest for the Orb.
     0 | D:1      | Reached XP level 1. HP: 22/22 MP: 1/1
    55 | D:1      | Reached skill level 3 in Maces & Flails
   152 | D:1      | Reached XP level 2. HP: 26/29 MP: 2/2
   491 | D:1      | Reached XP level 3. HP: 34/36 MP: 3/3
   756 | D:1      | Found Sehe's Book Emporium.
   788 | D:1      | Found Wuhegr Vuach's Distillery.
   812 | D:1      | Found Weus's Antique Armour Boutique.
   822 | D:1      | Reached skill level 4 in Maces & Flails
  1153 | D:2      | HP: 1/36 [poisoned by an adder]
  1154 | D:2      | Reached XP level 4. HP: 2/44 MP: 4/4
  1358 | D:3      | HP: 2/44 [poisoned by an adder]
  1359 | D:3      | Succumbed to an adder's poison

Illustrated notes

Levels and vault maps discovered:
D:1:      minmay_arrival_four_houses, layout_basic, serial_shops, shop, shop,
          shop, lexackson_kobold_supper
D:2:      layout_rooms, nicolae_ecumenical_lake_church, minmay_tromino_mix6
D:3:      layout_basic, kennysheep_generic_room_15, uniq_grinder

Skill      XL: |  1  2  3 |
---------------+----------+-----
Maces & Flails | 3 4 |  4.4
Fighting       | |  2.6
Throwing       | |  2.0
Dodging        | |  2.6

Action                     |  1- 3 |  4- 6 || total
---------------------------+-------+-------++-------
  Melee: Flail             |    90 |    23 ||   113
         Punch             |     2 |       ||     2
    Use: Potion            |       |     2 ||     2
 Armour: Robe              |    33 |    10 ||    43
  Dodge: Dodged            |    79 |     8 ||    87

Table legend: (Time is in decaauts)
 A = Elapsed time spent in this place.
 B = Non-inter-level travel time spent in this place.
 C = Inter-level travel time spent in this place.
 D = Time resting spent in this place.
 E = Time spent auto-exploring this place.
 F = Levels seen in this place.
 G = Mean time per level.
                   A        B        C        D        E       F      G
               +--------+--------+--------+--------+--------+-----+--------+
         Total |   1397 |   1343 |     54 |    122 |    834 |   3 |  465.7 |
       Dungeon |   1397 |   1343 |     54 |    122 |    834 |   3 |  465.7 |
               +--------+--------+--------+--------+--------+-----+--------+

Top non-repeatable levels by time:
     D:1: 1160 daAuts
     D:2: 191 daAuts
     D:3: 46 daAuts
